 Dungeon Crawl Stone Soup version 0.25-a0-699-g25a338df49 (webtiles) character file.

Game seed: 15737877755882520711, levelgen mode: deterministic

123 DasRunzen the Conjurer (level 4, -1/36 HPs)
             Began as a Demigod Conjurer on Apr 2, 2020.
             Slain by a gnoll
             ... wielding a +0 mace
              (8 damage)
             ... on level 3 of the Dungeon.
             The game lasted 00:03:30 (1861 turns).

DasRunzen the Conjurer (Demigod Conjurer)           Turns: 1861, Time: 00:03:31

Health: -1/36      AC:  4    Str: 11    XL:     4   Next: 51%
Magic:  10/10      EV: 13    Int: 21    God:
Gold:   73         SH:  2    Dex: 16    Spells: 7/8 levels left

rFire    + . .     SeeInvis .   h - +4 short sword (drain)
rCold    . . .     Gourm    .   (no shield)
rNeg     + . .     Faith    .   g - +2 robe {rN+}
rPois    .         Spirit   .   (no helmet)
rElec    .         Reflect  +   (no cloak)
rCorr    .         Harm     .   (no gloves)
MR       .....                  (no boots)
Stlth    +.........             l - +2 amulet of reflection
HPRegen  0.12/turn              i - ring of protection from fire
MPRegen  0.12/turn              j - ring of attention (curse)

@: no status effects
A: high mp 1
a: no special abilities


You were on level 3 of the Dungeon.
You were hungry.

You visited 1 branch of the dungeon, and saw 3 of its levels.

You collected 73 gold pieces.

Inventory:

Hand Weapons
 h - a +4 short sword of draining (weapon)
Armour
 g - a +2 robe of positive energy (worn)
Jewellery
 i - a ring of protection from fire (left hand)
 j - a cursed ring of attention (right hand)
 l - a +2 amulet of reflection (around neck)
Scrolls
 a - a scroll of immolation {unknown}
 b - a scroll of amnesia
 d - 2 scrolls of teleportation
 e - 2 scrolls of identify
 m - a scroll of magic mapping {unknown}
Potions
 f - a potion of lignification
 k - a potion of heal wounds {unknown}
Comestibles
 c - 7 rations


   Skills:
 + Level 1.8 Fighting
 + Level 2.7 Dodging
 - Level 1.7 Stealth
 + Level 2.6 Spellcasting
 + Level 4.2 Conjurations


You had 7 spell levels left.
You knew the following spells:

 Your Spells              Type           Power        Failure   Level  Hunger
a - Magic Dart            Conj           ###.         2%          1    None

Your spell library contained the following spells:

 Spells                   Type           Power        Failure   Level  Hunger
 Searing Ray              Conj           ###...       3%          2    ##.....
 Dazzling Flash           Conj/Hex       ##....       17%         3    ###....
 Fulminant Prism          Conj/Hex       ##........   50%         4    ####...
 Iskenderun's Mystic Bla  Conj/Tloc      ##......     50%         4    ####...


Dungeon Overview and Level Annotations

Branches:
Dungeon (3/15)


Innate Abilities, Weirdness & Mutations

You have an increased reservoir of magic. (+10% MP)


Message History

The worm is moderately wounded.
The worm bites you.
You hit the worm. You drain the worm.
The worm is severely wounded.
You block the worm's attack.
You puncture the worm!
You kill the worm!
You hit the gnoll but do no damage. The gnoll hits you but does no damage.
You hit the gnoll but do no damage. The gnoll hits you with a +0 mace.
You are feeling hungry.
You barely miss the gnoll. The gnoll hits you with a +0 mace.
You barely miss the gnoll. The gnoll hits you with a +0 mace.
You hit the gnoll.
The gnoll is moderately wounded.
The gnoll hits you with a +0 mace!
* * * LOW HITPOINT WARNING * * *
You hit the gnoll.
The gnoll is severely wounded.
The gnoll hits you with a +0 mace!
You die...

# # # ######### ###
#.......# ..#
######.......# ..#
####....#.......#
..#####.......(.@.....#
...)....##....#.g.....#
..########....#).....[#
..# .......#.......#
..####..#.....##.#.####
..............##.#.#
......#####.........
...###### ....#..####
..####...


You could see a gnoll.

Vanquished Creatures
  3 gnolls (D:3)
  3 adders
  2 oozes
  A worm (D:3)
  2 dart slugs (D:1)
  2 leopard geckos
  A giant cockroach (D:3)
  4 goblins
  6 hobgoblins
  3 jackals (D:1)
  A ball python (D:2)
  9 bats
  3 frilled lizards (D:1)
  8 kobolds
  5 rats
53 creatures vanquished.

Notes
Turn   | Place    | Note
-------+----------+-------------------------------------------
     0 | D:1      | DasRunzen the Demigod Conjurer began the quest for the Orb.
     0 | D:1      | Reached XP level 1. HP: 14/14 MP: 5/5
   211 | D:1      | Reached XP level 2. HP: 15/22 MP: 1/7
   564 | D:1      | Reached skill level 1 in Fighting
   818 | D:2      | Reached XP level 3. HP: 28/28 MP: 8/8
  1084 | D:2      | Reached skill level 4 in Conjurations
  1651 | D:3      | Reached XP level 4. HP: 26/35 MP: 10/10
  1691 | D:3      | Found a stormy altar of Qazlal,
  1861 | D:3      | Slain by a gnoll

Levels and vault maps discovered:
D:1:      dpeg_arrival_three_same_balls, layout_basic, minmay_misc_feat_columns,
          minmay_stone_trees_medium
D:2:      layout_loops_ring, first_ration
D:3:      layout_rooms, lemuel_crystal_altar, lexackson_kobold_supper

Skill      XL: |  1  2  3 |
---------------+----------+-----
Dodging        | 2 |  2.7
Spellcasting   | 2 |  2.6
Fighting       | 1 |  1.8
Conjurations   | 4 |  4.2
Stealth        | |  1.7

Action                   |  1- 3 |  4- 6 || total
-------------------------+-------+-------++-------
Melee: Unarmed           |    18 |       ||    18
       Short sword       |    54 |    14 ||    68
 Cast: Magic Dart        |    43 |    13 ||    56
  Use: Scroll            |     5 |       ||     5
 Stab: Distracted        |     1 |       ||     1
       Sleeping          |     1 |       ||     1
  Eat: Chunk             |     3 |       ||     3
Armor: Robe              |    13 |     2 ||    15
Dodge: Dodged            |    57 |    14 ||    71
Block: Other             |       |     1 ||     1

Table legend:
 A = Non-vault XP
 B = Vault XP
 C = Vault XP percentage of total XP
 D = Non-vault monster count
 E = Vault monster count
 F = Vault count percentage of total count
                 A         B        C        D         E       F
            +---------+---------+-------+---------+---------+-------
      Total |     176 |       0 |   0.0 |      53 |       0 |   0.0
            +---------+---------+-------+---------+---------+-------
        D:1 |      43 |       0 |   0.0 |      21 |       0 |   0.0
        D:2 |      44 |       0 |   0.0 |      18 |       0 |   0.0
        D:3 |      89 |       0 |   0.0 |      14 |       0 |   0.0
            +---------+---------+-------+---------+---------+-------
